 Dungeon Crawl Stone Soup version 0.32-a0-931-g5a2cda0 (webtiles) character file.

Game seed: 12393059639435933115

13281 ksj2083 the Skirmisher (level 12, -3/79 HPs)
             Began as a Coglin Hunter on Apr 13, 2024.
             Was a High Priest of Hepliaklqana.
             Hit by a large rock thrown by a cyclops (25 damage)
             ... on level 11 of the Dungeon.
             The game lasted 00:29:57 (10683 turns).

ksj2083 the Skirmisher (Coglin Hunter)             Turns: 10683, Time: 00:29:57

Health: -3/79      AC:  5    Str: 11    XL:     12   Next: 4%
Magic:  15/17      EV: 13    Int:  9    God:    Hepliaklqana [*****.]
Gold:   395        SH:  0    Dex: 23    Spells: 15/18 levels left

rFire   . . .        a - +5 sling {Ntombi}
rCold   . . .        d - +0 sling {Chiraphon}
rNeg    . . .        H - +0 troll leather armour
rPois   .            (no helmet)
rElec   .            r - +0 cloak
rCorr   .            w - +0 pair of gloves
SInv    .            (no boots)
Will    .....        (amulet unavailable)
Stlth   ++           (ring unavailable)
HPRegen 1.13/turn    (ring unavailable)
MPRegen 0.15/turn    (no gizmo)

%: no passive effects
@: revving
A: reduced essence, off-hand wielding, slow wielding, warmup strikes, no
jewellery
a: Invent Gizmo, Renounce Religion, Recall Ancestor, Ancestor Identity,
Transference, Idealise


You were on level 11 of the Dungeon.
You worshipped Hepliaklqana.
Hepliaklqana was extremely pleased with you.
You visited 1 branch of the dungeon, and saw 11 of its levels.

You collected 851 gold pieces.
You spent 456 gold pieces at shops.

Inventory:

Hand Weapons
 a - a +5 sling (weapon) {Ntombi}
 d - a +0 sling (offhand) {Chiraphon}
Missiles
 g - 52 poisoned darts
 m - 4 curare-tipped darts {!f}
 x - 6 throwing nets {!f}
Armour
 c - a +0 leather armour
 l - a +2 robe of willpower
 r - a +0 cloak (worn)
 u - a +0 leather armour of cold resistance
 w - a +0 pair of gloves (worn)
 H - a +0 troll leather armour (worn)
Magical Staves
 o - a staff of earth
 J - a staff of air
Wands
 e - a wand of polymorph (19)
 q - a wand of paralysis (58) (quivered)
 y - a wand of acid (10)
 G - a wand of flame (13)
 I - a wand of roots (6)
Scrolls
 h - a scroll of teleportation
 i - 2 scrolls of revelation
 j - 2 scrolls of blinking
 k - a scroll of fear
 C - a scroll of amnesia
 D - 2 scrolls of fog
 F - a scroll of poison
Potions
 b - a potion of lignification
 f - 2 potions of mutation
 n - 2 potions of berserk rage
 p - a potion of brilliance
 s - 13 potions of curing
 t - 2 potions of degeneration
 v - 4 potions of invisibility
 z - a potion of attraction
 A - a potion of heal wounds
 B - 2 potions of haste
 E - a potion of might


   Skills:
 - Level 6.0 Fighting
 * Level 12.8 Ranged Weapons
 + Level 2.2 Armour
 - Level 4.0 Dodging
 - Level 0.7 Stealth
 + Level 3.9 Spellcasting
 - Level 5.0 Conjurations
 + Level 4.8 Air Magic
 - Level 7.0 Alchemy
 + Level 0.2 Invocations


You had 15 spell levels left.
You knew the following spells:

 Your Spells              Type           Power      Damage    Failure   Level
a - Mephitic Cloud        Conj/Alch/Air  11%        N/A       11%         3

Your spell library contained the following spells:

 Spells                   Type           Power      Damage    Failure   Level
 Sting                    Conj/Alch      48%        1d6       3%          1
 Apportation              Tloc           2%         N/A       36%         1
 Necrotise                Necr           4%         1d4       36%         1
 Slow                     Hex            4%         N/A       36%         1
 Summon Small Mammal      Summ           4%         N/A       36%         1
 Dazzling Flash           Conj/Hex       12%        N/A       36%         3
 Jinxbite                 Hex            2%         N/A       50%         2
 Call Canine Familiar     Summ           1%         N/A       73%         3
 Confusing Touch          Hex            1%         N/A       73%         3
 Sigil of Binding         Hex            1%         N/A       73%         3
 Vampiric Draining        Necr           1%         2d6       73%         3
 Yara's Violent Unravell  Hex/Alch       4%         3d4       94%         5
 Dimensional Bullseye     Hex/Tloc       0%         N/A       98%         4
 Silence                  Hex/Air        3%         N/A       98%         5
 Curse of Agony           Necr           1%         N/A       100%        5
 Enfeeble                 Hex            0%         N/A       100%        7


Dungeon Overview and Level Annotations

Branches:
Dungeon (11/15)            Temple (0/1) D:7            Lair (0/5) D:10
    Orc: D:9-12

Altars:
Cheibriados
Dithmenos
Elyvilon
Fedhas
Gozag
Hepliaklqana
Qazlal
Ru
Sif Muna
Trog
Uskayaw
Wu Jian
Yredelemnul
Zin
The Shining One

Shops:
D:8 ((![!   D:10 ?

Annotations:
D:11 Erolcha


Innate Abilities, Weirdness & Mutations

Your life essence is reduced to manifest your ancestor. (-10% HP)
You can wield a second weapon in your off-hand.
It takes a long time for you to wield or remove held weapons.
Your first few attacks do less damage.
You cannot equip rings or amulets.


Message History

You can't go up here!
Fiedwaun hits the six-headed hydra with a +0 flail!
The six-headed hydra bites Fiedwaun.
The six-headed hydra bites Fiedwaun!
The six-headed hydra bites Fiedwaun but does no damage.
The six-headed hydra bites Fiedwaun!
The six-headed hydra bites Fiedwaun. x2
You climb downwards.
Level annotation: Erolcha A cyclops comes into view.
There is a stone staircase leading up here.
Fiedwaun is recalled.
Erolcha points at you and mumbles some strange words.
The fireball explodes!
The fireball engulfs you!!
* * * LOW HITPOINT WARNING * * *
The fireball engulfs Fiedwaun!
Fiedwaun resists.
You feel much better.
You shoot a sling bullet.
The sling bullet hits Erolcha but does no damage.
You shoot a sling bullet. The sling bullet hits Erolcha!
Erolcha is lightly wounded.
Fiedwaun hits Erolcha with a +0 flail!
You shoot a sling bullet. The sling bullet hits Erolcha.
Erolcha is moderately wounded.
You shoot a sling bullet. The sling bullet barely misses Erolcha.
Erolcha hits you with a +0 giant spiked club!!
* * * LOW HITPOINT WARNING * * *
You shoot a sling bullet. The sling bullet hits Erolcha.
Erolcha is moderately wounded.
You shoot a sling bullet.
The sling bullet hits Erolcha but does no damage.
Erolcha is moderately wounded.
Fiedwaun barely misses Erolcha.
You shoot a sling bullet. The sling bullet barely misses Erolcha.
You shoot a sling bullet.
The sling bullet hits Erolcha but does no damage.
Erolcha is moderately wounded.
Erolcha casts a spell.
Erolcha blinks!
The cyclops throws a large rock.
The large rock hits you!!
You die...
Hepliaklqana delivers you to your ancestors.

#. # #.
##.
####.##..
#.......#
#.......#
........#
........#
......ยง@#
......R.#
...C..O#.
.####.. .#
#.. .# #..
.. #.. .#
#.. .#


You could see the friendly Fiedwaun the knight, Erolcha (ally target) and a
cyclops.

Vanquished Creatures
  A hydra (D:10)
  A two-headed ogre (D:10)
  An ogre mage (D:10)
  A cyclops (D:8)
  Maurice (D:8)
  A manticore (D:10)
  An orange demon (D:8)
  A kobold demonologist (D:10)
  2 trolls (D:10)
  Prince Ribbit (D:5)
  Sigmund (D:2)
  2 wraiths
  A basilisk (D:10)
  2 steam dragons
  3 yaks (D:10)
  An acid dragon (D:10)
  Duvessa (D:5)
  A water moccasin (D:7)
  A sky beast (D:6)
  6 orc warriors
  An ogre (D:5)
  An ice beast (D:7)
  2 centaurs (D:9)
  A phantom (D:7)
  4 kobold brigands
  2 gnoll sergeants
  A scorpion (D:6)
  10 wights
  Dowan (D:5)
  17 killer bees
  3 electric eels (D:10)
  10 howler monkeys
  A bombardier beetle (D:5)
  2 hounds (D:6)
  3 gnoll boudas
  6 orc priests
  3 sleepcaps
  Ijyb (D:3)
  Terence (D:2)
  An iguana (D:5)
  11 orc wizards
  46 gnolls
  8 adders
  2 dart slugs (D:3)
  2 ribbon worms
  44 orcs
  6 bats
  6 endoplasms
  4 giant cockroaches
  10 goblins
  7 hobgoblins
  20 jackals
  27 kobolds
  4 quokkas
  6 ball pythons
  4 frilled lizards
  7 rats
315 creatures vanquished.

Vanquished Creatures (collateral kills)
  A two-headed ogre (D:10)
  Amaemon (D:8)
  An unseen horror (D:10)
  A troll (D:10)
  2 wraiths (D:10)
  A wyvern (D:9)
  Menkaure (D:7)
  A centaur (D:7)
  A kobold brigand (D:10)
  A wight (D:6)
  5 killer bees
  An electric eel (D:10)
  4 orc priests
  A hound (D:5)
  A sleepcap (D:8)
  An iguana (D:6)
  An orc wizard (D:8)
  A gnoll (D:7)
  A white imp (D:6)
  4 orcs
  4 kobolds
35 creatures vanquished.

Vanquished Creatures (others)
  A knight (D:10)
  4 ancestors
5 creatures vanquished.

Grand Total: 355 creatures vanquished

Notes
Turn   | Place    | Note
-------+----------+-------------------------------------------
     0 | D:1      | ksj2083 the Coglin Hunter began the quest for the Orb.
     0 | D:1      | Reached XP level 1. HP: 16/16 MP: 1/1
    44 | D:1      | Reached skill level 4 in Ranged Weapons
    44 | D:1      | Reached XP level 2. HP: 22/22 MP: 2/2
   604 | D:1      | Reached XP level 3. HP: 27/27 MP: 3/3
   987 | D:2      | Noticed Sigmund
  1015 | D:2      | Killed Sigmund
  1016 | D:2      | Reached skill level 6 in Ranged Weapons
  1016 | D:2      | Reached XP level 4. HP: 16/33 MP: 4/4
  1016 | D:2      | Reached XP level 5. HP: 19/38 MP: 5/5
  1203 | D:2      | Found a faded altar of an unknown god.
  1220 | D:2      | Noticed Terence
  1245 | D:2      | Killed Terence
  1246 | D:2      | Reached XP level 6. HP: 25/44 MP: 6/6
  1674 | D:3      | Noticed Ijyb
  1683 | D:3      | Paralysed by Ijyb for 4 turns
  1689 | D:3      | Killed Ijyb
  2162 | D:3      | Reached skill level 7 in Ranged Weapons
  2416 | D:3      | Reached XP level 7. HP: 38/50 MP: 7/7
  3328 | D:4      | Found a snail-covered altar of Cheibriados.
  3376 | D:4      | Found a hazy altar of Hepliaklqana.
  3385 | D:4      | Became a worshipper of Hepliaklqana the Forgotten
  3638 | D:4      | Learned a level 3 spell: Mephitic Cloud
  3950 | D:4      | Found a hide-covered altar of Uskayaw.
  4065 | D:5      | Entered Level 5 of the Dungeon
  4073 | D:5      | Reached * piety under Hepliaklqana
  4107 | D:5      | Reached skill level 8 in Ranged Weapons
  4108 | D:5      | Noticed Dowan
  4110 | D:5      | Reached XP level 8. HP: 40/50 MP: 8/8
  4116 | D:5      | Killed Dowan
  4126 | D:5      | Noticed Duvessa
  4138 | D:5      | Killed Duvessa
  4139 | D:5      | Reached skill level 1 in Air Magic
  4139 | D:5      | Reached skill level 1 in Alchemy
  4252 | D:5      | Reached skill level 1 in Conjurations
  4291 | D:5      | Reached skill level 1 in Spellcasting
  4667 | D:5      | Noticed Prince Ribbit
  4674 | D:5      | Killed Prince Ribbit
  4806 | D:5      | Reached XP level 9. HP: 32/57 MP: 11/11
  5247 | D:6      | Found a stormy altar of Qazlal.
  5341 | D:6      | Reached ** piety under Hepliaklqana
  5342 | D:6      | Remembered your ancestor Fiedwaun as a knight
  5394 | D:6      | Reached skill level 9 in Ranged Weapons
  5430 | D:6      | Found an ornate altar of the Wu Jian Council.
  5961 | D:7      | Noticed Menkaure
  5966 | D:7      | Killed Menkaure
  6142 | D:7      | Reached XP level 10. HP: 65/65 MP: 14/14
  6305 | D:7      | Found a staircase to the Ecumenical Temple.
  6550 | D:7      | Found an opulent altar of Gozag.
  6729 | D:8      | Noticed a cyclops
  6738 | D:8      | Killed a cyclops
  6920 | D:8      | Reached skill level 5 in Fighting
  6920 | D:8      | Reached skill level 10 in Ranged Weapons
  6974 | D:8      | Found Pisuah's Armour Emporium.
  6978 | D:8      | Reached *** piety under Hepliaklqana
  7002 | D:8      | Reached skill level 5 in Alchemy
  7011 | D:8      | Something stole 6 throwing nets {!f}
  7012 | D:8      | Something stole a staff of earth
  7013 | D:8      | Something stole 353 gold
  7014 | D:8      | Killed Maurice
  7021 | D:8      | Noticed Amaemon
  7028 | D:8      | Noticed an orange demon
  7031 | D:8      | Found Omiafo's Distillery.
  7040 | D:8      | Killed Amaemon
  7044 | D:8      | Killed an orange demon
  7238 | D:8      | Found Huonaesia's Weapon Boutique.
  7479 | D:8      | Found a shadowy altar of Dithmenos.
  7511 | D:8      | Found a bloodstained altar of Trog.
  7516 | D:8      | Found a shimmering blue altar of Sif Muna.
  7519 | D:8      | Found a sacrificial altar of Ru.
  7520 | D:8      | Found a basalt altar of Yredelemnul.
  7530 | D:8      | Found Cacem's Weapon Emporium.
  7543 | D:8      | Found Opybluli's Distillery.
  7557 | D:8      | Reached skill level 11 in Ranged Weapons
  7564 | D:8      | Bought 2 potions of curing for 66 gold pieces
  7564 | D:8      | Bought a potion of heal wounds for 55 gold pieces
  7564 | D:8      | Bought a potion of haste for 110 gold pieces
  7564 | D:8      | Bought a potion of invisibility for 88 gold pieces
  7945 | D:8      | You fall into a shaft and drop 2 floors!
  7945 | D:10     | Entered Level 10 of the Dungeon
  8064 | D:8      | Bought a potion of curing for 33 gold pieces
  8064 | D:8      | Bought a potion of might for 44 gold pieces
  8183 | D:8      | Reached **** piety under Hepliaklqana
  8503 | D:9      | Reached XP level 11. HP: 72/72 MP: 15/15
  8790 | D:9      | Found a glowing golden altar of the Shining One.
  8790 | D:9      | Found a glowing silver altar of Zin.
  9117 | D:9      | Found a white marble altar of Elyvilon.
  9261 | D:10     | Reached skill level 5 in Conjurations
  9391 | D:10     | Noticed a two-headed ogre
  9397 | D:10     | Killed a two-headed ogre
  9398 | D:10     | Reached skill level 12 in Ranged Weapons
  9409 | D:10     | Noticed a two-headed ogre
  9416 | D:10     | Killed a two-headed ogre
  9451 | D:10     | Reached ***** piety under Hepliaklqana
  9759 | D:10     | Noticed a manticore
  9767 | D:10     | Killed a manticore
  9768 | D:10     | Noticed a seven-headed hydra
  9827 | D:11     | Noticed Erolcha
  9827 | D:11     | Noticed a six-headed hydra
  9832 | D:10     | Found a blossoming altar of Fedhas.
  9835 | D:10     | Found a staircase to the Lair.
  9929 | D:10     | Reached skill level 1 in Armour
 10139 | D:10     | Noticed an ogre mage
 10149 | D:10     | Killed an ogre mage
 10159 | D:10     | Killed a seven-headed hydra
 10160 | D:10     | Reached XP level 12. HP: 79/79 MP: 14/17
 10197 | D:10     | HP: 3/79 [electric eel/bolt of electricity (10)]
 10429 | D:10     | Found Dagegal's Magic Scroll Shop.
 10441 | D:10     | Bought 2 scrolls of identify for 60 gold pieces
 10683 | D:11     | Hit by a large rock thrown by a cyclops

Illustrated notes

Levels and vault maps discovered:
D:1:      minmay_arrival_stone_box, layout_basic, serial_co_window_serial,
          co_window_paths_a, co_window_corner_a, co_window_of_opportunity_a,
          co_window_paths_b, co_window_paths_a, co_window_broadway_c,
          co_window_of_opportunity_c, co_window_corner_ca, co_window_paths_c,
          co_window_4corner_b, glass_columns_a, glass_columns_b
D:2:      layout_loops_ring, ebering_ecumenical_altar_webs, uniq_sigmund,
          uniq_terence
D:3:      lemuel_castle_with_subvaults [lemuel_castle_interior_original],
          layout_basic, serial_corexii_hall, corexii_hall_statues_deadend,
          chequers_hall_statues_y, corexii_hall_statues_x,
          chequers_hall_statues_wall_a, st_stairs_5,
          minmay_fractal_squares_diagonal_5, uniq_ijyb
D:4:      layout_basic, nicolae_uskayaw_suspiria, cheibriados_altar_1,
          nicolae_hepliaklqana_hazy_memory
D:5:      nicolae_cairo_tiling_very_big, layout_cave_pools, uniq_duvessa,
          uniq_prince_ribbit1
D:6:      layout_loops_ring, nicolae_wu_jian_wuxing_cycle,
          mainiacjoe_overflow_catwalk
D:7:      layout_basic, nicolae_overflow_crystal_walls,
          minmay_temple_entry_junction_2, uniq_menkaure
D:8:      layout_layer_cave, grunt_dithmenos_smoke, grunt_temple_overflow_open,
          serial_shops, shop, shop, nicolae_shop_hallway_plus,
          nicolae_shop_tiny_glass, nicolae_stop_n_shop_1, uniq_amaemon,
          uniq_maurice
D:9:      layout_gridville, dreamdust_divine_triumvirate
D:10:     minmay_the_grid_octo_tiled_octocenter [minmay_the_grid_octo_toaster,
          minmay_the_grid_octo_concentric, minmay_the_grid_octo_thin_diamonds,
          minmay_the_grid_octo_fan_narrow,
          minmay_the_grid_octo_prize_single_spiral,
          minmay_the_grid_square_5x5_two_walls_b,
          minmay_the_grid_square_5x5_moneybag,
          minmay_the_grid_square_5x5_hollow_slash,
          minmay_the_grid_square_5x5_spiral_small], layout_gridville,
          lemuel_tele_altar, serial_shops, shop_statue, serial_bayou_lagoon_b
D:11:     layout_rooms, makhleb_altar_promises_db, uniq_erolcha

Skill      XL: |  1  2  3  4  5  6  7  8  9 10 11 |
---------------+----------------------------------+-----
Ranged Weapons | 4 6 7 8 9 11 12 | 12.8
Dodging        | 2 3 4 |  4.0
Air Magic      | 2 3 4 |  4.8
Alchemy        | 2 4 5 7 |  7.0
Conjurations   | 2 3 4 5 |  5.0
Spellcasting   | 1 3 |  3.9
Fighting       | 3 4 6 |  6.0
Armour         | 2 |  2.2
Stealth        | |  0.7
Invocations    | |  0.2

Action                     |  1- 3 |  4- 6 |  7- 9 | 10-12 || total
---------------------------+-------+-------+-------+-------++-------
  Melee: Unarmed           |     2 |       |       |       ||     2
   Fire: Sling             |   170 |   306 |   808 |   852 ||  2136
  Throw: Dart              |       |     5 |       |       ||     5
   Cast: Mephitic Cloud    |       |       |       |     7 ||     7
 Invoke: Recall Ancestor   |       |       |     1 |     3 ||     4
         Ancestor Life: Kn |       |       |     1 |       ||     1
         Ancestor Identity |       |       |     1 |       ||     1
  Evoke: Wand              |       |       |     2 |       ||     2
    Use: Potion            |     1 |       |       |     3 ||     4
         Scroll            |       |       |    16 |    10 ||    26
 Armour: Leather armour    |    10 |       |       |       ||    10
         Skin              |     4 |       |       |       ||     4
         Robe              |       |    28 |    68 |    48 ||   144
         Troll leather arm |       |       |       |    42 ||    42
  Dodge: Dodged            |    14 |    23 |    79 |    85 ||   201

Table legend: (Time is in decaauts)
 A = Elapsed time spent in this place.
 B = Non-inter-level travel time spent in this place.
 C = Inter-level travel time spent in this place.
 D = Time resting spent in this place.
 E = Time spent auto-exploring this place.
 F = Levels seen in this place.
 G = Mean time per level.
                   A        B        C        D        E       F      G
               +--------+--------+--------+--------+--------+-----+--------+
         Total |  10684 |  10355 |    329 |   1222 |   7302 |  11 |  971.3 |
       Dungeon |  10684 |  10355 |    329 |   1222 |   7302 |  11 |  971.3 |
               +--------+--------+--------+--------+--------+-----+--------+

Top non-repeatable levels by time:
     D:3: 1713 daAuts
     D:8: 1608 daAuts
    D:10: 1478 daAuts
     D:5: 1103 daAuts
     D:9: 853 daAuts
     D:1: 810 daAuts
     D:7: 795 daAuts
     D:2: 790 daAuts
     D:4: 783 daAuts
     D:6: 737 daAuts
    D:11: 10 daAuts
